[Event "Late-Titled-Tuesday-Blitz-May-07-2024"]
[Site "Chess.com"]
[Date "2024.05.07"]
[Round "5"]
[White "chenxiaoyuer"]
[Black "h4parah5"]
[Result "1/2-1/2"]
[WhiteElo "2784"]
[BlackElo "3014"]
[TimeControl "180+1"]
[EndTime "14:56:43 PDT"]
[Termination "Game drawn - insufficient material"]

1. e4 c5 2. Nf3 Nc6 3. d4 cxd4 4. Nxd4 Nf6 5. Nc3 h5 6. Be2 g6 7. Nxc6 bxc6 8. e5 Ng4 9. Bxg4 hxg4 10. O-O Bg7 11. Bf4 Rb8 12. e6 Rxb2 13. exf7+ Kxf7 14.
Ne4 d5 15. Ng5+ Kg8 16. Qd3 Bf5 17. Qe3 Rxc2 18. Ne6 d4 19. Qb3 Qb6 20. Nxg7+ Qxb3 21. axb3 Kxg7 22. Be5+ Kh7 23. Bxh8 Kxh8 24. Rxa7 d3 25. Rxe7 d2 26. Re8+ Kg7 27. Rd8 Be6 28. Rd3 Bf5 29. Rd6 Be4 30. Rd4 Bd5 31. Rd1 Bxb3 32. R4xd2 Rc5 33.
Rb1 Be6 34. Rdd1 Kf6 35. Rbc1 Rd5 36. Rxd5 Bxd5 37. h3 gxh3 38. gxh3 g5 39. Kh2 Kf5 40.
Kg3 Kf6 41. h4 gxh4+ 42. Kxh4 Ke5 43. Kg5 Kd4 44. f4 c5 45. f5 c4 46. Kf4 c3 47.
Rd1+ Kc4 48. Ke3 c2 49. Rc1 Kc3 50. f6 Bf7 51. Rg1 Be6 52. Rf1 Bf7 53. Re1 Be6 54.
Rh1 Bf7 55. Ke2 Bc4+ 56. Ke3 Bf7 57. Ra1 Kb2 58. Re1 c1=Q+ 59. Rxc1 Kxc1 60. Kd4 Bg6 61. Ke5 Bh5 62. Kd6 Bg6 63. Ke7 Bh5 64. Kf8 Kd2 65.
Kg7 Ke3 66. Kh7 Kf4 67. Kh6 Be8 68. Kg7 Kf5 69. f7 Bxf7 1/2-1/2

[Event "Late-Titled-Tuesday-Blitz-May-07-2024"]
[Site "Chess.com"]
[Date "2024.05.07"]
[Round "5"]
[White "giomar27"]
[Black "Zq1"]
[Result "1/2-1/2"]
[WhiteElo "2474"]
[BlackElo "2608"]
[TimeControl "180+1"]
[EndTime "14:56:45 PDT"]
[Termination "Game drawn by repetition"]

1. d4 Nf6 2. Nc3 d5 3. Bf4 a6 4. e3 e6 5. g4 h6 6. h4 c5 7. Bh3 cxd4 8. exd4 Bb4 9. Ne2 Nc6 10.
Qd3 Ne4 11. g5 hxg5 12. hxg5 Nxg5 13. O-O-O Nxh3 14. Rxh3 Rxh3 15. Qxh3 Qe7 16. Rg1 Bxc3 17. Nxc3 Nxd4 18. Rxg7 Nf5 19. Rg8+ Kd7 20. Nxd5 exd5 21. Qxf5+ Qe6 22. Rg5 Qxf5 23. Rxf5 Ke6 24. Re5+ Kf6 25. Rxd5 Be6 26. Rd3 Rc8 27. b3 b5 28. Kb2 Kf5 29.
Be3 Ke4 30. Rd4+ Kf3 31. a4 Ke2 32. Rd2+ Kf3 33. a5 b4 34. Rd4 Rb8 35. Rf4+ Ke2 36. Bb6 Bd5 37. Rxb4 f5 38. c4 Be4 39. Kc3 Rh8 40. Bd4 Rh3+ 41. Kb2 Rd3 42. c5 Bd5 43. Be3 Rd1 44. Rd4 Rxd4 45. Bxd4 Kd3 46. Be3 Bc6 47. Ka3 Bb5 48. Kb4 Bc6 49. Bf4 Bb5 50. Bg3 Bc6 51. Bf4 Bb5 52. c6 Bxc6 53. Kc5 Bb5 54.
Kb6 Ke4 55. Be3 Kd5 56. Bc5 Ke6 57. b4 Kf6 58. Kc7 Ke6 59. Kb6 Bc4 60. b5 Bxb5 61. Bb4 Bc4 62. Bc5 Bd3 63. Ka7 Bb5 64. Kb6 Bc4 65. Ka7 Bb5 66. Kb6 Bc4 67. Ka7 Bb5 1/2-1/2

[Event "Late-Titled-Tuesday-Blitz-May-07-2024"]
[Site "Chess.com"]
[Date "2024.05.07"]
[Round "5"]
[White "yaguigor"]
[Black "albayo"]
[Result "1-0"]
[WhiteElo "2593"]
[BlackElo "2433"]
[TimeControl "180+1"]
[EndTime "14:56:49 PDT"]
[Termination "yaguigor won by checkmate"]

1. Nf3 g6 2. e4 c5 3. d4 cxd4 4. Nxd4 Bg7 5. c4 Nc6 6. Be3 Nf6 7.
Nc3 O-O 8. Be2 d6 9. O-O Bd7 10. Nc2 a5 11. f3 Rc8 12. Na4 Ne5 13. Nb6 Rc6 14. Nxd7 Qxd7 15. b3 Rfc8 16. Nd4 Ra6 17. Rc1 Raa8 18. Qd2 Nc6 19. Nb5 Qd8 20. Rfd1 Nd7 21.
f4 Nc5 22. Bf3 Qb6 23. Rb1 Na7 24. Nc3 Qb4 25. Nd5 Qxd2 26. Rxd2 Nc6 27. Nb6 Nb4 28.
Nxc8 Rxc8 29. a3 Nc6 30. e5 Ne6 31. exd6 exd6 32. Rxd6 a4 33. b4 Ncd4 34. Bxb7 Rxc4 35. Bd5 Rc3 36. Bxe6 Nxe6 37. Kf2 Rxa3 38. b5 Rb3 39. Rxb3 axb3 40. Rd3 b2 41. Rb3 Nd8 42. Ke2 Nb7 43.
Kd3 Na5 44. Rb4 Kf8 45. Bd4 Bxd4 46. Kxd4 Ke7 47. Rxb2 Kd6 48. g4 Nb7 49. Rc2 f6 50. g5 fxg5 51. fxg5 Na5 52. Rc3 Nb7 53. Rc6+ Kd7 54.
Kd5 Na5 55. Rc3 Nb7 56. b6 Nd6 57. Rc7+ Kd8 58. Kxd6 h6 59. b7 hxg5 60. b8=Q# 1-0

[Event "Late-Titled-Tuesday-Blitz-May-07-2024"]
[Site "Chess.com"]
[Date "2024.05.07"]
[Round "5"]
[White "ritanovikova"]
[Black "prachiti01"]
[Result "0-1"]
[WhiteElo "2179"]
[BlackElo "2412"]
[TimeControl "180+1"]
[EndTime "14:56:50 PDT"]
[Termination "prachiti01 won on time"]

1. e4 e6 2. Nc3 d5 3. exd5 exd5 4. d4 Bb4 5. Bd2 Nf6 6. a3 Bd6 7. Nf3 O-O 8. Be2 c6 9. O-O Bg4 10. Ne5 Bxe2 11. Nxe2 Nbd7 12. f4 Ne4 13. Be3 f6 14. Nxd7 Qxd7 15. Ng3 Rae8 16. Re1 Qc7 17. Qf3 Re7 18.
Re2 Rfe8 19. Rae1 Nxg3 20. hxg3 Re4 21. c3 Qe7 22. Kf1 b5 23. Bf2 f5 24. Rxe4 dxe4 25.
Qe2 Qf7 26. Be3 Qg6 27. Kf2 Qe6 28. Qc2 a5 29. b3 Bxa3 30. Ra1 b4 31. c4 h6 32. Rd1 Rd8 33. d5 cxd5 34. cxd5 Qf7 35. Qc6 Qd7 36. Qa6 Qc7 37. Rd2 Bc1 38. Re2 Bxe3+ 39. Rxe3 Qc5 40. Qe6+ Kh8 41. Qxf5 Qc2+ 42. Re2 e3+ 43. Kf3 Qxf5 44. Rxe3 Qxd5+ 45. Kg4 h5+ 46.
Kh3 Qf5+ 47. Kh2 Rd2 48. Re8+ Kh7 49. Rd8 Rxd8 50. g4 Qxg4 51. f5 Rd2 0-1

[Event "Late-Titled-Tuesday-Blitz-May-07-2024"]
[Site "Chess.com"]
[Date "2024.05.07"]
[Round "5"]
[White "Der_Balak_3Halak"]
[Black "APOKALIPSA13"]
[Result "1-0"]
[WhiteElo "2397"]
[BlackElo "2179"]
[TimeControl "180+1"]
[EndTime "14:56:55 PDT"]
[Termination "Der_Balak_3Halak won on time"]

1. e4 e5 2. Nf3 d5 3. exd5 e4 4. Nd4 Qxd5 5. Nb3 Nf6 6. Nc3 Qe5 7. Be2 Bd6 8. g3 Bh3 9. d4 exd3 10. Qxd3 Bf5 11. Qb5+ Nbd7 12. O-O O-O-O 13. Nd4 Bh3 14. Rd1 a6 15. Qxe5 Bxe5 16. Be3 h5 17. f4 Bd6 18. Bf1 Bxf1 19. Kxf1 Rhe8 20. Re1 Ng4 21. Bg1 Bc5 22.
Nf5 g6 23. Bxc5 Nxc5 24. Ne7+ Kb8 25. h3 Nf6 26. Re5 Ne6 27. Ned5 Nd7 28. Re2 c6 29. Nb4 a5 30. Nd3 Nd4 31. Rxe8 Rxe8 32. Re1 Rxe1+ 33. Nxe1 Nf6 34. Kf2 b5 35. Ke3 c5 36. Ne2 Nf5+ 37.
Kf3 Kc7 38. Nd3 Kd6 39. g4 hxg4+ 40. hxg4 Nd4+ 41. Nxd4 cxd4 42. a3 Kd5 43. b4 a4 44.
Ne5 Ne4 45. Nxf7 Nc3 46. f5 gxf5 47. g5 Nb1 48. g6 Nxa3 49. g7 Nxc2 50. g8=Q Nxb4 51.
Ng5+ Kc5 52. Ne6+ Kd5 53. Nf4+ Kc5 54. Qc8+ Kd6 55. Qb8+ Kc5 56. Ne6+ Kc4 57. Nc7 Kb3 58. Qxb5 a3 59. Nd5 a2 60. Qxb4+ Kc2 61. Qxd4 1-0

[Event "Late-Titled-Tuesday-Blitz-May-07-2024"]
[Site "Chess.com"]
[Date "2024.05.07"]
[Round "5"]
[White "Meri-Arabidze"]
[Black "ContrVersia"]
[Result "0-1"]
[WhiteElo "2726"]
[BlackElo "2894"]
[TimeControl "180+1"]
[EndTime "14:56:56 PDT"]
[Termination "ContrVersia won by checkmate"]

1. Nf3 d5 2. c4 d4 3. b4 c5 4. b5 f6 5. g3 b6 6. Bg2 Bb7 7. O-O e5 8. d3 Bd6 9. a4 a5 10. Ra2 Ne7 11. Nh4 Bxg2 12. Kxg2 g5 13. Nf3 Nd7 14. e4 Ng6 15. Rh1 Qe7 16. h4 g4 17. Nh2 h5 18. f3 gxf3+ 19. Qxf3 Qg7 20.
Kf1 O-O-O 21. Rf2 Rdg8 22. Ke2 Kc7 23. Nd2 Bf8 24. Kd1 Qe7 25. Kc2 Bh6 26. Rhf1 Be3 27. Re2 Qe6 28. Nb3 Bxc1 29. Nxc1 Ne7 30. Ref2 Rg6 31.
Ne2 Rgh6 32. Qh1 Rf8 33. Qg2 Rh7 34. g4 hxg4 35. Qxg4 Kd6 36. h5 Rg8 37. Qh4 Rg5 38. Rxf6 Nxf6 39. Qxg5 Nxh5 40. Ng4 Rg7 41. Qxh5 Rxg4 42. Qh8 Rg8 43. Qh4 Rg2 44. Rf6 Rxe2+ 45. Kd1 Re3 46. Rxe6+ Kxe6 47. Qh6+ Kf7 48. Kd2 Ng6 49.
Qh7+ Kf6 50. Qb7 Nf4 51. Qxb6+ Kg5 52. Qd8+ Kg4 53. Qxa5 Rxd3+ 54. Kc2 Re3 55. Qd8 d3+ 56. Kc3 Kf3 57. b6 Ke2 58. b7 d2+ 59. Kc2 Rd3 60. Qxd3+ Nxd3 61. b8=Q d1=Q+ 62. Kc3 Qc1+ 63. Kb3 Qb2# 0-1

[Event "Late-Titled-Tuesday-Blitz-May-07-2024"]
[Site "Chess.com"]
[Date "2024.05.07"]
[Round "5"]
[White "rhwr"]
[Black "katharinareinecke"]
[Result "1/2-1/2"]
[WhiteElo "2272"]
[BlackElo "1933"]
[TimeControl "180+1"]
[EndTime "14:56:57 PDT"]
[Termination "Game drawn - insufficient material"]

1. e4 c6 2. Nc3 d5 3. d4 b5 4. exd5 b4 5. Ne4 cxd5 6. Ng3 e6 7. Nf3 Nf6 8. Bd3 Be7 9. O-O O-O 10. Ne5 a5 11. c4 bxc3 12. bxc3 Ba6 13. a4 Qc7 14.
Bd2 Nc6 15. Qe2 Bxd3 16. Nxd3 Bd6 17. f4 Ne7 18. Ne5 g6 19. h4 Rab8 20. h5 Rb2 21.
hxg6 hxg6 22. Qd3 Nf5 23. Nxf5 exf5 24. Rfb1 Rfb8 25. Rxb2 Rxb2 26. Rb1 Qb8 27. Rxb2 Qxb2 28. Be1 Ne4 29. Qb5 Qxb5 30. axb5 a4 31. Nd3 a3 32. Nc1 Kf8 33. g3 Ke8 34. Kf1 Kd7 35. Ke2 Kc7 36. Kd3 Kb6 37. c4 dxc4+ 38. Kxc4 Be7 39. Na2 Nd6+ 40.
Kb3 Nxb5 41. Bf2 Kc6 42. Nb4+ Kb7 43. Na2 Kb6 44. d5+ Kb7 45. Kc4 Nd6+ 46. Kd4 Ne4 47. Be1 Kc7 48. Kd3 Kd7 49. Kc4 Nd6+ 50. Kb3 Ne4 51. Nb4 Bxb4 52. Bxb4 a2 53. Kxa2 Nxg3 54.
Kb3 Ne2 55. Bd2 Nd4+ 56. Kc4 Ne2 57. Be3 f6 58. Kd3 Nxf4+ 59. Bxf4 g5 60. Be3 Kd6 61. Kc4 f4 62. Bc5+ Kd7 63. Kd4 g4 64. Ke4 f3 65.
Kf4 f5 66. Bf2 Kd6 67. Kxf5 Kxd5 68. Kxg4 Ke4 69. Bg3 Kd3 70. Kxf3 1/2-1/2

[Event "Late-Titled-Tuesday-Blitz-May-07-2024"]
[Site "Chess.com"]
[Date "2024.05.07"]
[Round "5"]
[White "Albertu"]
[Black "Godzillator"]
[Result "1-0"]
[WhiteElo "2553"]
[BlackElo "2351"]
[TimeControl "180+1"]
[EndTime "14:57:01 PDT"]
[Termination "Albertu won by resignation"]

1. e4 d5 2. exd5 Qxd5 3. Nc3 Qd8 4. d4 c6 5. Nf3 Nf6 6. Bc4 Bf5 7. O-O e6 8. Re1 Be7 9. a4 O-O 10. a5 Bg4 11. Be3 Bb4 12. a6 b6 13. h3 Bh5 14.
Be2 Nd5 15. Bd2 Nxc3 16. bxc3 Bd6 17. Ne5 Bxe2 18. Qxe2 Qc7 19. Qg4 Bxe5 20. dxe5 Kh8 21. Bg5 Nd7 22. Qe2 Rae8 23. Ra4 Nc5 24. Rh4 f6 25. exf6 gxf6 26. Be3 Nd7 27. Qh5 Re7 28.
Bh6 Rg8 29. Bf4 e5 30. Bg3 Reg7 31. Ree4 Qc8 32. Reg4 Nf8 33. Rxg7 Rxg7 34. Qh6 Ng6 35.
Rg4 Qg8 36. f4 exf4 37. Bxf4 Nxf4 38. Rxg7 Ne2+ 39. Kf2 Qxg7 40. Qxg7+ Kxg7 41. Kxe2 Kg6 42. Ke3 Kf5 43. c4 h5 44. Kd4 h4 45. c5 b5 46.
Ke3 Kg5 47. Kf3 f5 48. c3 Kf6 49. Kf4 Ke6 50. Kg5 Kd5 51. Kxh4 Kxc5 52. Kg5 Kc4 53. h4 Kxc3 54. h5 b4 55. h6 b3 56. h7 b2 57. h8=Q+ Kc2 58. Qxb2+ Kxb2 59. Kxf5 Kc3 60. g4 c5 61. g5 c4 62. g6 Kd2 63.
g7 c3 64. g8=Q c2 65. Qg5+ Kd1 66. Ke6 c1=Q 67. Qxc1+ Kxc1 68. Kd7 Kb2 69. Kc7 Kc3 70.
Kb7 Kc4 71. Kxa7 Kd5 72. Kb7 1-0

[Event "Late-Titled-Tuesday-Blitz-May-07-2024"]
[Site "Chess.com"]
[Date "2024.05.07"]
[Round "5"]
[White "Franmu14"]
[Black "ChristopherYoo"]
[Result "1/2-1/2"]
[WhiteElo "2749"]
[BlackElo "2998"]
[TimeControl "180+1"]
[EndTime "14:57:05 PDT"]
[Termination "Game drawn by repetition"]

1. e4 e5 2. Nf3 Nc6 3. Nc3 Bc5 4. Bb5 Nge7 5. O-O O-O 6. Nxe5 Nxe5 7. d4 Bd6 8. dxe5 Bxe5 9. f4 Bxc3 10. bxc3 d5 11.
Bd3 c5 12. c4 dxe4 13. Bxe4 Qxd1 14. Rxd1 Rb8 15. Bb2 Bf5 16. Bxf5 Nxf5 17. Rd7 f6 18. Re1 Rf7 19. Rd5 Re7 20. Rxe7 Nxe7 21. Rxc5 Nc6 22. Rd5 Re8 23. Kf2 Re4 24. Kf3 Rxc4 25. Rd2 Rb4 26. c3 Ra4 27. a3 Ra6 28. g4 Rb6 29. h4 Na5 30. Bc1 Nc6 31. Ke4 Rb1 32. Rc2 Kf7 33.
Kd5 Ke7 34. h5 Kd7 35. g5 fxg5 36. fxg5 Rb5+ 37. Kc4 Rf5 38. Rd2+ Ke6 39. Re2+ Re5 40. Rf2 Re4+ 41. Kd3 Rh4 42. h6 Ne5+ 43. Kc2 gxh6 44. gxh6 Nf7 45. Rg2 Nxh6 46. Bxh6 Rxh6 47. Rg7 Rh2+ 48. Kb3 b6 49. Rxa7 Kd5 50. Rd7+ Kc6 51. Rg7 h5 52. Rg6+ Kc7 53. Rg7+ Kc6 54. Rg6+ Kb7 55.
Kc4 h4 56. Rh6 h3 57. a4 Rh1 58. Rh5 h2 59. Rh6 Kc7 60. Rh5 Kd6 61. Rh6+ Ke5 62. Rh7 Kf4 63. Rh6 Ke3 64. Rh7 Kd2 65. Rh3 Kc2 66. Rh4 Kb2 67. Rh3 Ka3 68. Rh8 Kb2 69.
Rh7 Kc2 70. Rh8 Kd2 71. Rh7 Ke2 72. Rh8 Kf2 73. Rh7 Kg2 74. Rg7+ Kf3 75. Rh7 Kg4 76. Rg7+ Kf5 77. Rh7 Ke4 78. Rh4+ Ke3 79. Rh8 Kd2 80. Rh7 Kc2 81. Rh6 Kd2 82. Rh7 1/2-1/2

[Event "Late-Titled-Tuesday-Blitz-May-07-2024"]
[Site "Chess.com"]
[Date "2024.05.07"]
[Round "5"]
[White "Pachonpower"]
[Black "WilsonPalencia21"]
[Result "0-1"]
[WhiteElo "2375"]
[BlackElo "2549"]
[TimeControl "180+1"]
[EndTime "14:57:08 PDT"]
[Termination "WilsonPalencia21 won by resignation"]

1. d4 Nf6 2. Nf3 c5 3. e3 g6 4. b3 Bg7 5. Bb2 O-O 6. Nbd2 d6 7. Be2 b6 8. O-O Bb7 9. c4 Nbd7 10. Rc1 a6 11. Re1 Re8 12. Bd3 Rc8 13. e4 cxd4 14.
Bxd4 e6 15. Qe2 e5 16. Ba1 Nc5 17. Bb1 Ne6 18. g3 Nd7 19. Nf1 Nd4 20. Nxd4 exd4 21.
Qd2 Ne5 22. Qd1 Nc6 23. f4 b5 24. Nd2 Qa5 25. Nf3 bxc4 26. Rxc4 d5 27. exd5 Qxd5 28. Kf2 Rcd8 29. Rg1 Na5 30. Rc2 d3 31. Bxg7 dxc2 32.
Qxd5 cxb1=Q 33. Qxd8 Qxg1+ 34. Nxg1 Rxd8 35. Bc3 Nc6 36. Ne2 Ne7 37. Bf6 Re8 38. Nd4 Nd5 39. Be5 f6 40.
Bd6 Rd8 41. Bc5 Rc8 42. b4 Kf7 43. a3 Nc3 44. Nb3 Ne4+ 45. Ke3 Nxc5 46. Nxc5 Rc7 47. g4 Bc8 48. h3 h5 49. gxh5 gxh5 50. h4 a5 51. f5 axb4 52. axb4 Bxf5 53. Kd4 Bc8 54. Kd5 Re7 55. Kd6 Bg4 56. b5 Bf3 57. b6 Re1 58. Nb3 Rb1 59. Nd4 Bg2 60. Kc5 Kg6 61. Ne2 Kf5 62.
Nd4+ Kg4 63. Ne6 Rc1+ 64. Kb5 Bf1+ 65. Kb4 Rb1+ 66. Kc5 Rb5+ 67. Kc6 Rb1 68. Nd4 Bg2+ 69.
Kc7 Kxh4 70. Nf5+ Kg4 71. Ne3+ Kg3 72. Nf5+ Kf4 73. Nd4 h4 74. Ne2+ Kg5 75. Nd4 h3 76.
Ne6+ Kg4 77. Nc5 h2 78. b7 Rxb7+ 79. Nxb7 Bxb7 80. Kxb7 0-1

[Event "Late-Titled-Tuesday-Blitz-May-07-2024"]
[Site "Chess.com"]
[Date "2024.05.07"]
[Round "5"]
[White "SharathRk6"]
[Black "nitpicker"]
[Result "0-1"]
[WhiteElo "2457"]
[BlackElo "2287"]
[TimeControl "180+1"]
[EndTime "14:57:08 PDT"]
[Termination "nitpicker won by checkmate"]

1. e4 c5 2. Nf3 Nc6 3. Bb5 Nf6 4. d3 g6 5. Bxc6 dxc6 6. h3 Bg7 7. Nc3 O-O 8. O-O Nd7 9. Ne2 e5 10. Nh2 Qc7 11. f4 exf4 12. Bxf4 Be5 13. Ng4 Bxf4 14. Nxf4 Qd6 15. Qf3 f6 16. Qg3 Ne5 17. Nh6+ Kh8 18. Rae1 Bd7 19. Ng4 Rae8 20. Qh4 g5 21. Qh6 gxf4 22.
Rxf4 Ng6 23. Rf2 f5 24. e5 Qd4 25. Nf6 Rxf6 26. exf6 Rxe1+ 27. Kh2 Qxf6 28. g3 Qe7 29.
Qh5 Qe5 30. Qg5 Be6 31. Qd8+ Kg7 32. h4 h5 33. Qg5 f4 34. gxf4 Qxg5 35. hxg5 Bg4 36.
f5 Nh4 37. f6+ Kf7 38. Kg3 Ng6 39. c3 Re2 40. Rxe2 Bxe2 41. d4 Bc4 42. b3 Bd3 43.
dxc5 Bb1 44. a4 Ba2 45. b4 Bc4 46. a5 a6 47. Kh3 Nf4+ 48. Kg3 Ng6 49. Kh3 h4 50. Kg4 Be6+ 51. Kf3 h3 52. Kg3 Bf5 53. Kh2 Ke6 54. c4 Ke5 55. b5 Kd4 56. f7 Nf8 57.
bxc6 bxc6 58. Kg3 Kxc5 59. Kh2 Kxc4 60. Kg3 Kb5 61. g6 Bxg6 62. Kh2 Bxf7 63. Kxh3 Bd5 64. Kg3 Kxa5 65. Kf4 Kb4 66. Ke3 a5 67. Kd2 a4 68.
Kc1 a3 69. Kb1 c5 70. Ka1 c4 71. Kb1 c3 72. Ka1 Kb3 73. Kb1 c2+ 74. Kc1 Nd7 75. Kd2 a2 76. Kd3 a1=Q 77. Ke3 Qc3+ 78. Kf4 Qf3+ 79.
Kg5 Qg3+ 80. Kh6 Qd6+ 81. Kh7 Qe6 82. Kg7 Kc3 83. Kh8 Kd4 84. Kh7 c1=Q 85. Kg7 Qg1+ 86. Kh7 Qgg6+ 87. Kh8 Qh3# 0-1

[Event "Late-Titled-Tuesday-Blitz-May-07-2024"]
[Site "Chess.com"]
[Date "2024.05.07"]
[Round "5"]
[White "Cambek64"]
[Black "lamomiajunior"]
[Result "0-1"]
[WhiteElo "2523"]
[BlackElo "2761"]
[TimeControl "180+1"]
[EndTime "14:57:10 PDT"]
[Termination "lamomiajunior won on time"]

1. b3 d5 2. Bb2 Bf5 3. Nf3 e6 4. e3 Nf6 5. Bd3 Bxd3 6. cxd3 Be7 7. Ne5 Nfd7 8. Nxd7 Nxd7 9. O-O O-O 10. f4 Bf6 11. Bxf6 Qxf6 12. Nc3 c6 13. d4 c5 14. dxc5 Nxc5 15. d4 Nd7 16. Rc1 Rfc8 17. Qd2 Qe7 18. Qb2 Nf6 19. Rc2 Rc7 20. h3 Rac8 21. Rfc1 h5 22.
Nd1 Ne4 23. Rxc7 Rxc7 24. Nf2 Ng3 25. Rxc7 Qxc7 26. Nh1 Nf5 27. Qd2 Qb6 28. g3 Qa6 29. Kg2 Qc6 30. Nf2 b6 31. g4 hxg4 32. hxg4 Nd6 33.
Kf3 a5 34. a4 f6 35. Ke2 b5 36. axb5 Qxb5+ 37. Qd3 Qc6 38. Kd2 Kf7 39. Qc2 Qb7 40.
Ke2 Ke7 41. Kf3 Kd7 42. Qc3 Qc7 43. Qd2 Kc6 44. Qc2+ Kb7 45. Qxc7+ Kxc7 46. Ke2 Kb6 47. Kd3 Kb5 48. Kc3 g6 49. Kc2 a4 50. bxa4+ Kxa4 51. Kd3 Kb4 52. Nd1 Ne4 53. Kc2 Nd6 54. Kd3 Kb3 55. Nc3 f5 56. g5 Kb4 57. Na2+ Ka3 58.
Nc3 Kb3 59. Ne2 Ne4 60. Ng1 Nf2+ 61. Ke2 Ne4 62. Nf3 Kc2 63. Ne5 Nc3+ 64. Kf3 Kd2 65. Nxg6 Ne4 66. Nf8 Nd6 67. Nxe6 Kd3 0-1

[Event "Late-Titled-Tuesday-Blitz-May-07-2024"]
[Site "Chess.com"]
[Date "2024.05.07"]
[Round "5"]
[White "Mops_2004"]
[Black "rdarruda"]
[Result "1/2-1/2"]
[WhiteElo "2803"]
[BlackElo "2573"]
[TimeControl "180+1"]
[EndTime "14:57:11 PDT"]
[Termination "Game drawn by stalemate"]

1. e4 c5 2. Nf3 Nc6 3. g3 Nf6 4. d3 d5 5. Nbd2 g6 6. Bg2 Bg7 7. O-O dxe4 8. dxe4 O-O 9. Qe2 b6 10. e5 Nd5 11. Rd1 Qc7 12. c3 Rd8 13. Re1 h6 14. h3 Be6 15. Nf1 Rac8 16. N1h2 Kh7 17.
Ng4 Qd7 18. Rd1 Qc7 19. Re1 Qd7 20. Bd2 Bxg4 21. hxg4 e6 22. Rad1 Qc7 23. Bc1 Nde7 24. Rxd8 Rxd8 25. Qe4 Qd7 26. Bf1 Qd5 27. Qxd5 Nxd5 28.
Kg2 Nde7 29. Bb5 Rd5 30. Bc4 Rd8 31. a3 Kg8 32. b4 Nd5 33. Bb2 Nde7 34. Bb5 Rd5 35. Bc4 Rd8 36. Kf1 Rd7 37. Kg2 g5 38. Bb5 Rd8 39. bxc5 bxc5 40. c4 Rd3 41. Re2 Rd1 42.
Nd2 Nxe5 43. Bxe5 Bxe5 44. Rxe5 Rxd2 45. Rxc5 Ng6 46. a4 a5 47. Bc6 Rd6 48. Be4 Ra6 49. Bxg6 fxg6 50. Kf3 Kf7 51. Ke4 Kf6 52. Rb5 h5 53. c5 h4 54. gxh4 gxh4 55. f4 g5 56. f5 exf5+ 57. gxf5 h3 58. Kf3 g4+ 59. Kxg4 h2 60.
Rb1 Rc6 61. Kg3 Rxc5 62. Kxh2 Kxf5 63. Kg3 Ke4 64. Rd1 Rc4 65. Ra1 Kd4 66. Kf3 Kc5 67. Ke3 Kb4 68. Kd2 Rc3 69. Rb1+ Rb3 70. Rxb3+ Kxb3 71. Kc1 Kxa4 72. Kb1 Kb3 73. Ka1 a4 74. Kb1 a3 75. Ka1 a2 1/2-1/2

[Event "Late-Titled-Tuesday-Blitz-May-07-2024"]
[Site "Chess.com"]
[Date "2024.05.07"]
[Round "5"]
[White "alexrustemov"]
[Black "Emp3rador"]
[Result "0-1"]
[WhiteElo "2908"]
[BlackElo "2640"]
[TimeControl "180+1"]
[EndTime "14:57:11 PDT"]
[Termination "Emp3rador won by checkmate"]

1. d4 d5 2. c4 c6 3. Nc3 Nf6 4.
e3 g6 5. Nf3 Bg7 6. Be2 O-O 7.
O-O b6 8. b3 Bb7 9. Bb2 Nbd7 10.
Rc1 e6 11. Qc2 Rc8 12. Rfd1 Qe7 13. Qb1 c5 14. cxd5 Nxd5 15. Nxd5 Bxd5 16. Ba3 Rfd8 17. h3 Qe8 18. dxc5 Nxc5 19. Bxc5 bxc5 20. Nd2 Qc6 21.
Bf3 Bxf3 22. Nxf3 Rxd1+ 23. Rxd1 c4 24. bxc4 Qxc4 25. Qb7 Qc7 26. Qe4 Rd8 27. Rb1 Rb8 28. Rxb8+ Qxb8 29. g3 Bf6 30. a4 Kg7 31. Kg2 h5 32. Qc6 Qb6 33. Qxb6 axb6 34. Nd2 Be7 35. Kf3 f5 36. Ke2 h4 37. g4 Kf6 38. Kf3 g5 39.
Nc4 Bd8 40. e4 Bc7 41. Ne3 Bf4 42. Nc4 Bc7 43. Kg2 fxe4 44. Kf1 e5 45. Ke2 Ke6 46. Ke3 Kd5 47. Nd2 Bd8 48. Nxe4 Kc4 49. Nd6+ Kb4 50. Nf7 Bf6 51. Ke4 Kxa4 52. Kf5 Bg7 53. Nxg5 b5 54. Ne6 b4 55. Nc5+ Kb5 56. Nd3 Kc4 57. Ke4 b3 58. g5 Kc3 59. g6 Kd2 60. f3 Ke2 61.
Nb2 Kf2 62. Nc4 Kg3 63. Kf5 Kxh3 64. Ke6 Kg3 65. Kf7 Bh6 66. Nb2 h3 67. Nd3 h2 68.
Nxe5 h1=Q 69. Ng4 Qxf3+ 70. Nf6 Bg5 71. g7 Qxf6+ 72. Kg8 Bh6 73. Kh7 Qxg7# 0-1

[Event "Late-Titled-Tuesday-Blitz-May-07-2024"]
[Site "Chess.com"]
[Date "2024.05.07"]
[Round "5"]
[White "vugarrasulov"]
[Black "sofaceindisguise"]
[Result "1-0"]
[WhiteElo "2984"]
[BlackElo "2726"]
[TimeControl "180+1"]
[EndTime "14:57:12 PDT"]
[Termination "vugarrasulov won by resignation"]

1. e4 e5 2. Nf3 Nc6 3. Bb5 a6 4. Ba4 Nf6 5. O-O b5 6. Bb3 Be7 7. d3 O-O 8. a4 b4 9. Nbd2 d6 10. h3 Na5 11. Ba2 c5 12. Re1 Rb8 13. c3 Be6 14. Bxe6 fxe6 15. d4 exd4 16. cxd4 c4 17. d5 e5 18. Nf1 Nh5 19. Nxe5 dxe5 20. Qxh5 Bc5 21. Be3 Bd4 22. Re2 Qb6 23. Ng3 g6 24. Qh6 c3 25. bxc3 bxc3 26. Rf1 Nc4 27. Kh2 a5 28.
Rc1 Qd6 29. Qg5 Qf6 30. Qg4 Rb2 31. h4 Kh8 32. h5 gxh5 33. Nxh5 Qg6 34. Qxg6 hxg6 35.
Ng3 Rfb8 36. Kh3 Kg7 37. Kg4 Kf7 38. Bg5 Ke8 39. Rh1 Kd7 40. Rh7+ Kc8 41. Be7 R8b7 42. d6 Rd7 43. Rh8+ Kb7 44. Rh1 Nxd6 45. Bxd6 Rxd6 46. Rc1 Rc6 47. Kg5 Kb6 48. Kh6 Rf6 49. f3 Rxe2 50. Nxe2 Be3+ 51. Kg7 Bxc1 52. Kxf6 Bd2 53. Kxe5 c2 54.
Kf6 g5 55. e5 c1=Q 56. Nxc1 Bxc1 57. e6 Ba3 58. e7 Bxe7+ 59. Kxe7 Kc5 60. g3 Kb4 61. f4 gxf4 62. gxf4 Kxa4 63. f5 Kb3 64. f6 a4 65. f7 a3 66. f8=Q a2 67. Qf6 1-0

[Event "Late-Titled-Tuesday-Blitz-May-07-2024"]
[Site "Chess.com"]
[Date "2024.05.07"]
[Round "5"]
[White "Lennis93"]
[Black "BilodeauA"]
[Result "1-0"]
[WhiteElo "2734"]
[BlackElo "2889"]
[TimeControl "180+1"]
[EndTime "14:57:13 PDT"]
[Termination "Lennis93 won by resignation"]

1. Nf3 d5 2. b3 f6 3. d4 c6 4. Bf4 g5 5. Bg3 h5 6. h4 g4 7. Nfd2 Nh6 8. e4 dxe4 9. Nxe4 Nf5 10. c3 Bh6 11. Bd3 O-O 12. O-O Na6 13. Na3 Nc7 14. Re1 Ne6 15. Qc2 Nfg7 16. Nd2 Nf4 17. Bxf4 Bxf4 18. g3 Bh6 19. Rad1 b5 20. Be4 Rb8 21.
Bxc6 Qd6 22. Bxb5 Qxa3 23. Nc4 Bf5 24. Qe2 Rxb5 25. Nxa3 Rb7 26. Nc4 Rc8 27. Ne3 Be6 28. c4 a5 29. d5 Bf7 30. Nc2 a4 31. Nd4 axb3 32. axb3 Bg6 33. Ra1 Kh7 34. Ra6 Rcb8 35. Qb2 Nf5 36. Nxf5 Bxf5 37. Ra3 Kg6 38. Re2 Kf7 39.
Kg2 Bd3 40. Re1 Bxc4 41. Qd4 Bxb3 42. Qe4 Kf8 43. Rxb3 Rxb3 44. Qxe7+ Kg8 45. Qxf6 Bg7 46. Qe6+ Kh8 47. Qf5 Rf8 48. Qxh5+ Kg8 49. Qxg4 Rb2 50. Rf1 Rd2 51. Qe6+ Kh7 52. Qe4+ Kg8 53. h5 Rf6 54. Qe8+ Kh7 55. g4 Rd4 56. f3 Rb6 57. Kg3 Rbb4 58.
Re1 Rxd5 59. Re7 Rg5 60. Qf7 Kh6 61. Qe6+ Kh7 62. Rxg7+ Rxg7 63. Qf5+ Kh8 64. h6 Rgb7 65. Qf6+ Kh7 66. g5 R4b6 67. Qf5+ Rg6 68. Kg4 Rb4+ 69. Kh5 Rb7 70. Qxg6+ Kh8 71. Qf6+ Kh7 72. Qf5+ Kg8 73. Qd5+ Kh8 74. Qxb7 1-0

[Event "Late-Titled-Tuesday-Blitz-May-07-2024"]
[Site "Chess.com"]
[Date "2024.05.07"]
[Round "5"]
[White "Alex_Sahakyan2006"]
[Black "Hasangatin_Ramil"]
[Result "0-1"]
[WhiteElo "2844"]
[BlackElo "2685"]
[TimeControl "180+1"]
[EndTime "14:57:13 PDT"]
[Termination "Hasangatin_Ramil won by resignation"]

1. d4 d6 2. e4 Nf6 3. Nc3 e5 4. Nf3 Nbd7 5. Bc4 Be7 6. O-O O-O 7. a4 c6 8. Re1 exd4 9. Nxd4 Ne5 10. Ba2 Re8 11. h3 Bf8 12. Nf3 Be6 13. Bxe6 Nxf3+ 14. Qxf3 Rxe6 15. Bd2 Qc7 16. Qd3 Rae8 17. a5 Nd7 18. Be3 a6 19. f4 g6 20. Bf2 Bg7 21. f5 Re5 22. Bg3 Rxa5 23. Rxa5 Qxa5 24. Qxd6 Ne5 25. Rd1 Qb6+ 26. Kh2 Qxb2 27. f6 Bf8 28. Qxe5 Rxe5 29. Bxe5 Qb6 30. Rd7 Qc5 31. Bd4 Bd6+ 32. Kh1 Qa3 33.
Rd8+ Bf8 34. e5 h6 35. Ne4 Qc1+ 36. Kh2 Qf4+ 37. Ng3 h5 38. Bc5 h4 39. Rxf8+ Kh7 40. Rxf7+ Kh6 41. Bf8+ Kg5 42. Bc5 hxg3+ 43. Kh1 Qxe5 44.
Bg1 Qe6 45. Rf8 a5 46. f7 Qf5 47. Be3+ Kf6 48. Bd4+ Kg5 49. Be3+ Kf6 50. Bd4+ Ke6 51. Re8+ Kxf7 52. Rb8 Qf1+ 53. Bg1 Qb5 54. c4 Qb3 55. Ra8 a4 56. Bc5 Qb1+ 57. Bg1 Qb4 58. Rd8 a3 59. Rd7+ Ke6 60. Rg7 a2 61. Rxg6+ Kf5 62. Rxg3 a1=Q 63.
Rf3+ Ke6 64. Re3+ Kd7 65. Rd3+ Kc8 66. Rg3 Qbb1 67. Rg8+ Kd7 68. Rg7+ Ke6 69. Rg6+ Kf7 0-1